 Dungeon Crawl Stone Soup version 0.24.0-13-gcf9b319 (webtiles) character file.

Game seed: 11823654278102364508, levelgen mode: deterministic

3467 Fang the Fighter (level 10, -8/64 HPs)
             Began as a Gargoyle Berserker on Dec 16, 2019.
             Was an Elder of Trog.
             Killed by divine providence
             ... invoked by an orc priest
              (13 damage)
             ... on level 8 of the Dungeon.
             The game lasted 00:07:15 (6959 turns).

Fang the Fighter (Gargoyle Berserker)               Turns: 6959, Time: 00:07:16

Health: -8/64      AC: 10    Str: 24    XL:     10   Next: 6%
Magic:  10/10      EV: 10    Int:  8    God:    Trog [****..]
Gold:   277        SH:  0    Dex:  9    Spells: 9/9 levels left

rFire    . . .     SeeInvis .   a - +0 hand axe
rCold    . . .     Gourm    .   (no shield)
rNeg     + . .     Faith    .   b - +0 chain mail
rPois    ∞         Spirit   .   (no helmet)
rElec    +         Reflect  .   (no cloak)
rCorr    .         Harm     .   (no gloves)
MR       ++...                  (no boots)
Stlth    ..........             (no amulet)
HPRegen  1.20/turn              (no ring)
MPRegen  0.12/turn              (no ring)

@: corroded, berserk cooldown, regenerating, slowed, very slow
A: negative energy resistance 1, electricity resistance, unbreathing,
petrification resistance, rot immunity, AC +7
a: Berserk, Trog's Hand, Brothers in Arms, Renounce Religion


You were on level 8 of the Dungeon.
You worshipped Trog.
Trog was greatly pleased with you.
You were near starving.

You visited 2 branches of the dungeon, and saw 9 of its levels.

You collected 277 gold pieces.

Inventory:

Hand Weapons
 a - a +0 hand axe (weapon)
Armour
 b - a +0 chain mail (worn)
Wands
 x - a wand of polymorph (7)
 z - a wand of digging (6)
 E - a wand of disintegration (11)
Scrolls
 e - 7 scrolls of identify
 h - 5 scrolls of remove curse
 i - a scroll of amnesia {unknown}
 m - 2 scrolls of fog {unknown}
 o - 2 scrolls of fear {unknown}
 p - 3 scrolls of teleportation {unknown}
 q - a scroll of blinking {unknown}
 t - 3 scrolls of magic mapping {unknown}
 u - a scroll of enchant armour {unknown}
 y - a scroll of vulnerability {unknown}
 A - a scroll of holy word {unknown}
 C - a scroll of enchant weapon {unknown}
 D - a scroll of brand weapon {unknown}
 F - a scroll of noise {unknown}
Potions
 d - a potion of flight {unknown}
 f - a potion of resistance
 g - 2 potions of cancellation {unknown}
 j - 3 potions of heal wounds {unknown}
 k - 3 potions of agility {unknown}
 l - a potion of curing {unknown}
 n - a potion of might {unknown}
 r - 2 potions of degeneration {unknown}
 s - 3 potions of lignification {unknown}
 v - a potion of berserk rage {unknown}
 w - 2 potions of haste {unknown}
Comestibles
 c - 16 rations
 B - 4 chunks of flesh


   Skills:
 + Level 8.3 Fighting
 + Level 7.0 Axes
 + Level 7.9 Armour
 + Level 6.0 Dodging


You had 9 spell levels left.
You didn't know any spells.
Your spell library was empty.

Dungeon Overview and Level Annotations

Branches:
Dungeon (8/15)             Temple (1/1) D:6
   Lair: D:8-11

Altars:
Cheibriados
Elyvilon
Gozag
Hepliaklqana
Kikubaaqudgha
Qazlal
Xom
Yredelemnul
The Shining One

Shops:
D:6 =   D:8 !


Innate Abilities, Weirdness & Mutations

You are resistant to torment.
Your stone body is resilient. (AC +7)
You are immune to poison.
You resist negative energy. (rN+)
You are resistant to electric shocks. (rElec)
You can survive without breathing.
You are immune to petrification.
You are immune to rotting.


Message History

The orc warrior hits you from afar with a +0 trident.
The jelly hits you. The acid corrodes you!
You are splashed with acid!
* * * LOW HITPOINT WARNING * * *
The orc priest hits you but does no damage.
The orc warrior hits you but does no damage.
The jelly barely misses you.
The orc priest casts a cantrip, but nothing happens.
The orc warrior closely misses you. The jelly closely misses you.
Things that are here:
a cursed -3 dagger; an orc corpse You hit the orc warrior but do no damage.
You hit the jelly.
You kill the jelly!
Trog accepts your kill.
You are near starving!
The orc warrior hits you with a +0 trident!
* * * LOW HITPOINT WARNING * * *
The orc priest mumbles some strange prayers to Beogh against you.
Beogh smites you!
You die...

#+# ##.# ## # ... ..#
#### #.#..# #.# #..[
#.#...##.# ##.#.
.........+ +....
#..#.#.# ##...
#.##...#.# ###..#
#.....o@o### #...8.
####.))....# #.##.#
#..####.# +# #.8.∩.
#.. #.# .# ####.. #..
###.###.#######8. #..
#............##.. #..
#.#.#.....##.##..
#.......#..<..##.###.
##.##>###.....##.# #.


You could see an orc warrior and an orc priest.

Vanquished Creatures
  A two-headed ogre (D:7)
  Pikel (D:5)
  A hippogriff (D:7)
  Edmund (D:4)
  A sky beast (D:5)
  A slave (D:6)
  An orc warrior (D:6)
  An ice beast (D:7)
  3 ogres
  A black bear (D:7)
  Blork the orc (D:6)
  A big kobold (D:7)
  A bullfrog (D:7)
  2 scorpions
  2 crimson imps
  Crazy Yiuf (D:3)
  2 jellies
  4 orc priests
  4 hounds
  4 bullfrog skeletons
  4 iguanas
  6 orc wizards
  5 worker ants
  A killer bee zombie (D:8)
  5 adders
  2 adder skeletons
  3 worms
  2 dart slugs
  6 leopard geckos
  21 orcs
  A ball python (D:5)
  3 giant cockroaches
  5 goblins
  15 hobgoblins
  3 jackals (D:4)
  11 kobolds
  4 quokkas
  A ball python skeleton (D:4)
  6 bats
  6 frilled lizards
  A jackal skeleton (D:5)
  A quokka zombie (D:6)
  12 rats
  A spectral orc (D:2)
159 creatures vanquished.

Vanquished Creatures (others)
  A centaur (D:6)
  An orc wizard (D:6)
  An orc (D:6)
3 creatures vanquished.

Grand Total: 162 creatures vanquished

Notes
Turn   | Place    | Note
-------+----------+-------------------------------------------
     0 | D:1      | Fang the Gargoyle Berserker began the quest for the Orb.
     0 | D:1      | Reached XP level 1. HP: 14/14 MP: 1/1
   106 | D:1      | Reached XP level 2. HP: 16/19 MP: 2/2
   520 | D:1      | Reached XP level 3. HP: 21/23 MP: 3/3
   942 | D:2      | Reached ** piety under Trog
   952 | D:2      | Found a basalt altar of Yredelemnul.
  1080 | D:2      | Found an opulent altar of Gozag.
  1252 | D:2      | Reached XP level 4. HP: 10/29 MP: 4/4
  1655 | D:2      | Reached skill level 4 in Fighting
  1977 | D:3      | Found a snail-covered altar of Cheibriados.
  2278 | D:3      | Found a shimmering altar of Xom.
  2279 | D:3      | Found a hazy altar of Hepliaklqana.
  2279 | D:3      | Noticed an earth elemental
  2280 | D:3      | Noticed a spectral ugly thing
  2280 | D:3      | Noticed an earth elemental
  2430 | D:3      | Found a runed translucent door.
  2431 | D:3      | Noticed Crazy Yiuf
  2745 | D:3      | Killed Crazy Yiuf
  2745 | D:3      | Reached XP level 5. HP: 33/33 MP: 5/5
  3480 | D:4      | Reached XP level 6. HP: 19/39 MP: 6/6
  3753 | D:4      | Noticed Edmund
  3780 | D:4      | Killed Edmund
  3780 | D:4      | Reached skill level 5 in Fighting
  3780 | D:4      | Reached XP level 7. HP: 44/44 MP: 7/7
  4056 | D:4      | Found an ancient bone altar of Kikubaaqudgha.
  4479 | D:5      | Entered Level 5 of the Dungeon
  4598 | D:5      | Reached *** piety under Trog
  4908 | D:5      | Found a stormy altar of Qazlal.
  4910 | D:5      | Noticed an air elemental
  4910 | D:5      | Noticed a water elemental
  4910 | D:5      | Noticed a fire elemental
  4918 | D:5      | Reached skill level 5 in Armour
  5148 | D:6      | Reached XP level 8. HP: 51/51 MP: 8/8
  5301 | D:6      | Noticed Pikel
  5337 | D:6      | Noticed Blork the orc
  5354 | D:5      | Found a glowing golden altar of the Shining One.
  5378 | D:5      | Killed Pikel
  5378 | D:5      | Reached skill level 6 in Fighting
  5378 | D:5      | Reached skill level 5 in Axes
  5483 | D:6      | Killed Blork the orc
  5719 | D:6      | Found a staircase to the Ecumenical Temple.
  5736 | Temple   | Entered the Ecumenical Temple
  5779 | D:6      | Found a white marble altar of Elyvilon.
  5843 | D:6      | Reached XP level 9. HP: 56/56 MP: 9/9
  5898 | D:6      | Found Acuddiph's Jewellery Boutique.
  5923 | D:6      | Reached skill level 7 in Fighting
  5932 | D:6      | Reached skill level 5 in Dodging
  6266 | D:7      | Noticed a two-headed ogre
  6280 | D:7      | Killed a two-headed ogre
  6422 | D:7      | Reached **** piety under Trog
  6478 | D:7      | Reached skill level 8 in Fighting
  6752 | D:7      | Reached XP level 10. HP: 47/64 MP: 10/10
  6885 | D:8      | Found Didus's Distillery.
  6959 | D:8      | Killed from afar by an orc priest

Levels and vault maps discovered:
D:1:      lightli_arrival_quake, layout_loops_ring
D:2:      layout_basic, yredelemnul_forgotten_temple_becter, lemuel_round_altar
D:3:      layout_loops_corners, regret_index_temple_of_mockery,
          kennysheep_slug_shrine, uniq_crazy_yiuf_cottage
D:4:      layout_cave_pods, kiku_gazebo_garden_becter, first_ration,
          serial_column_ruins, column_ruins_hut_ruined, column_ruins_grid_2,
          column_ruins_columns_water, column_ruins_columns_corner,
          grunt_tough_drop, uniq_edmund
D:5:      layout_basic, nicolae_overflow_hidden_temple,
          nicolae_qazlal_style_of_elements
D:6:      layout_basic, elyvilon_altar_1, minmay_temple_entry_mini_moons,
          serial_shops, shop_fountains, uniq_blork_the_orc, uniq_pikel
D:7:      layout_rooms, grunt_ogre_cave
D:8:      minmay_bubble_buster, layout_loops_corners, kennysheep_mini,
          serial_shops, nicolae_shop_statue_plus, uniq_gastronok, uniq_psyche
Temple:   minmay_temple_bridge_abc

Skill      XL: |  1  2  3  4  5  6  7  8  9 10 |
---------------+-------------------------------+-----
Axes           | 3 4 5 6 7 |  7.0
Dodging        | 2 3 4 6 |  6.0
Armour         | 3 4 5 6 7 |  7.9
Fighting       | 4 5 6 8 |  8.3

Action                   |  1- 3 |  4- 6 |  7- 9 | 10-12 || total
-------------------------+-------+-------+-------+-------++-------
Melee: Hand axe          |   140 |   189 |   451 |    38 ||   818
Invok: Berserk           |     1 |     5 |     6 |     1 ||    13
       Trog's Hand       |       |       |     3 |     1 ||     4
  Use: Scroll            |       |       |     2 |       ||     2
  Eat: Chunk             |     2 |    12 |    15 |     1 ||    30
       Ration            |       |       |     1 |       ||     1
Armor: Animal skin       |    41 |    35 |       |       ||    76
       Chain mail        |       |    48 |   334 |    37 ||   419
Dodge: Dodged            |    92 |   100 |   255 |    28 ||   475
